 Seeded DCSS version 0.28.0-43-g3370ac3207 (webtiles) character file.

Game seed: 9871404364189446373 (custom seed)

54 croobank the Skirmisher (level 3, -4/33 HPs)
             Began as a Minotaur Fighter on Mar 25, 2022.
             Killed by divine providence
             ... invoked by an orc priest
              (14 damage)
             ... on level 3 of the Dungeon.
             The game lasted 00:03:39 (1457 turns).

croobank the Skirmisher (Minotaur Fighter)          Turns: 1457, Time: 00:03:40

Health: -4/33      AC:  7    Str: 22    XL:     3   Next: 66%
Magic:  2/2        EV:  9    Int:  5    God:
Gold:   55         SH:  4    Dex:  9    Spells: 2/2 levels left

rFire   . . .      SeeInvis .   a - +0 war axe
rCold   . . .      Faith    .   c - +0 buckler
rNeg    . . .      Spirit   .   b - +0 scale mail
rPois   .          Reflect  .   (helmet restricted)
rElec   .          Harm     .   (no cloak)
rCorr   .          Rampage  .   (no gloves)
Will    .....                   (no boots)
Stlth   ..........              (no amulet)
HPRegen 0.11/turn               (no ring)
MPRegen 0.08/turn               (no ring)

@: no status effects
A: horns 2, retaliatory headbutt
a: no special abilities


You were on level 3 of the Dungeon.
You visited 1 branch of the dungeon, and saw 3 of its levels.

You collected 55 gold pieces.

Inventory:

Hand Weapons
 a - a +0 war axe (weapon)
Missiles
 e - 64 stones (quivered)
 g - 72 arrows
 n - 21 sling bullets
 o - 3 poisoned darts
 q - 2 boomerangs
 r - a throwing net
Armour
 b - a +0 scale mail (worn)
 c - a +0 buckler (worn)
Scrolls
 h - 2 scrolls of teleportation {unknown}
 i - a scroll of immolation {unknown}
 j - a scroll of amnesia {unknown}
 k - a scroll of holy word {unknown}
 m - 2 scrolls of identify {unknown}
 s - a scroll of torment {torment, unknown}
Potions
 d - a potion of might
 f - 2 potions of curing {unknown}
 l - a potion of ambrosia {unknown}
 p - 2 potions of attraction {unknown}


   Skills:
 + Level 4.2 Fighting
 + Level 3.2 Axes
 + Level 4.1 Armour
 + Level 4.2 Shields


You had 2 spell levels left.
You didn't know any spells.
Your spell library was empty.

Dungeon Overview and Level Annotations

Branches:
Dungeon (3/15)

Altars:


Innate Abilities, Weirdness & Mutations

You have a pair of horns on your head.
You reflexively headbutt those who attack you in melee.


Message History

s - a scroll labelled WOGOMNA WYEZXALO Done exploring.
Done exploring.
(D) Dungeon
Where to? (Enter - D:2, ? - help)
You open the door.
There is an open door here.
You see here a +0 dagger.
You see here a bat corpse.
There is a stone staircase leading down, spattered with blood here.
You see here a bat corpse.
You climb downwards.
The orc shouts!
Found a scimitar.
There is a stone staircase leading up here.
An orc is nearby!
An orc comes into view. It is wielding a +0 club.
The orc shouts!
An orc comes into view. It is wielding a +0 falchion.
An orc priest comes into view. It is wielding a +0 falchion.
You closely miss the orc.
The orc priest shouts!
You headbutt the orc!
You kill the orc!
The orc priest mumbles some strange prayers to Beogh against you.
Beogh smites you!
You closely miss the orc. You hit the orc. You block the orc's attack.
The orc hits you with a +0 falchion.
You slash the orc!
You kill the orc!
You hit the orc but do no damage.
The orc priest invokes the aid of Beogh against you.
Beogh smites you! The orc hits you but does no damage.
The orc priest calls upon Beogh to heal the orc.
The orc's wounds heal themselves!
The orc priest invokes the aid of Beogh against you.
Beogh smites you!
You die...

#.. .# ..##.#.
...... .)..#
#... #..#
#..####.#
..#.###)@.....#
....o.)o#####.#
..#####.# #.#
... ###


You could see an orc priest and an orc.

Vanquished Creatures
  An adder (D:2)
  A worm (D:2)
  2 orcs (D:3)
  3 ball pythons (D:1)
  9 endoplasms
  5 goblins
  2 hobgoblins (D:2)
  3 quokkas
  6 bats
  A frilled lizard (D:1)
  2 rats (D:2)
35 creatures vanquished.

Notes
Turn   | Place    | Note
-------+----------+-------------------------------------------
     0 | D:1      | croobank the Minotaur Fighter began the quest for the Orb.
     0 | D:1      | Reached XP level 1. HP: 19/19 MP: 0/0
   144 | D:1      | Reached XP level 2. HP: 27/27 MP: 1/1
  1168 | D:2      | Reached XP level 3. HP: 32/33 MP: 2/2
  1457 | D:3      | Killed from afar by an orc priest

Illustrated notes

Levels and vault maps discovered:
D:1:      onia_arrival_mini_maze_b, layout_basic, bh_walls_and_bars
D:2:      layout_basic, serial_glass, glass_columns_c, glass_columns_b,
          nrook_campfire, minmay_tripent
D:3:      layout_basic, minmay_misc_feat_encased

Skill      XL: |  1  2 |
---------------+-------+-----
Fighting       | 4 |  4.2
Shields        | 4 |  4.2
Armour         | 4 |  4.1
Axes           | 3 |  3.2

Action                   || total
-------------------------++-------
Melee: War axe           ||    56
       Headbutt          ||     7
Armor: Scale mail        ||    19
Dodge: Dodged            ||    28
Block: Buckler           ||    10
